 Dungeon Crawl Stone Soup version 0.31-a0-117-g42d8f58691 (webtiles) character file.

Game seed: 7552752733197802464

298 themarg the Zephyrmancer (level 6, -2/34 HPs)
             Began as a Tengu Air Elementalist on May 31, 2023.
             Killed from afar by an orc wizard (9 damage)
             ... with a magic dart
             ... on level 4 of the Dungeon.
             The game lasted 00:12:42 (4401 turns).

themarg the Zephyrmancer (Tengu Air Elementalist)   Turns: 4401, Time: 00:12:43

Health: -2/34      AC:  2    Str:  9    XL:     6   Next: 35%
Magic:  4/10       EV: 14    Int: 17    God:
Gold:   141        SH:  0    Dex: 14    Spells: 3/9 levels left

rFire   . . .        d - +0 dagger
rCold   . . .        (no shield)
rNeg    . . .        a - +0 robe
rPois   .            (helmet restricted)
rElec   .            (no cloak)
rCorr   .            (no gloves)
SInv    .            (boots unavailable)
Will    .....        (no amulet)
Stlth   +            (no ring)
HPRegen 0.25/turn    (no ring)
MPRegen 0.12/turn

%: no passive effects
@: confused, mighty, flying quickly and evasively, quick
A: beak, talons 3, nimble flight
a: no special abilities


You were on level 4 of the Dungeon.
You visited 1 branch of the dungeon, and saw 4 of its levels.
You also visited: Sewer.

You collected 141 gold pieces.

Inventory:

Hand Weapons
 d - a +0 dagger (weapon)
Missiles
 e - 48 stones
 f - 6 boomerangs
 k - 6 poisoned darts
 s - a curare-tipped dart
Armour
 a - a +0 robe (worn)
 c - an orb of light
Scrolls
 g - a scroll of vulnerability {unknown}
 i - a scroll of magic mapping {unknown}
 j - a scroll of identify {unknown}
 m - a scroll of teleportation {unknown}
 r - a scroll of fog {unknown}
Potions
 b - 2 potions of magic
 h - a potion of heal wounds {unknown}
 l - a potion of berserk rage {unknown}
 n - a potion of cancellation
 o - 4 potions of invisibility
 p - 3 potions of might
 q - a potion of mutation {unknown}


   Skills:
 - Level 1.0 Fighting
 - Level 1.0 Throwing
 - Level 2.1 Dodging
 - Level 3.0 Stealth
 - Level 2.0 Spellcasting
 - Level 2.0 Conjurations
 + Level 8.2 Air Magic


You had 3 spell levels left.
You knew the following spells:

 Your Spells              Type           Power      Damage    Failure   Level
a - Shock                 Conj/Air       76%        1d7       2%          1
b - Static Discharge      Conj/Air       38%        2-4/arc   3%          2
c - Swiftness             Air            29%        N/A       1%          3

Your spell library contained the following spells:

 Spells                   Type           Power      Damage    Failure   Level
 Vhi's Electric Charge    Tloc/Air       30%        N/A       11%         3
 Inner Flame              Hex/Fire       1%         N/A       50%         3
 Airstrike                Air            14%        2d(3-19)  7%          4
 Arcjolt                  Conj/Air       9%         1d19      54%         5
 Yara's Violent Unravell  Hex/Tmut       0%         3d3       99%         5
 Enfeeble                 Hex            0%         N/A       100%        7
 Maxwell's Capacitive Co  Air            14%        ∞         100%        8


Dungeon Overview and Level Annotations

Branches:
Dungeon (4/15)              Sewer (visited)
 Temple: D:4-7

Altars:
Elyvilon
Okawaru

Shops:
D:4 !([


Innate Abilities, Weirdness & Mutations

You have a beak for a mouth.
You have claws for feet.
Your magical nature lets you fly swiftly and evasively.


Message History

You are struck by an arc of lightning.
The orc wizard casts a spell.
The orc wizard flickers and vanishes!
Deactivating autopickup; reactivate with Ctrl-A.
The orc wizard is struck by an arc of lightning.
The orc wizard is moderately wounded.
You are struck by an arc of lightning.
The orc wizard is struck by an arc of lightning.
The orc wizard is heavily wounded.
The lightning grounds out.
The orc wizard hits you with a +0 dagger.
An orc comes into view. It is wielding a +0 hand axe.
The orc wizard is struck by an arc of lightning.
The orc wizard is severely wounded.
Something is struck by an arc of lightning.
The orc wizard is struck by an arc of lightning.
The orc wizard is almost dead.
The lightning grounds out.
The orc wizard hits you with a +0 dagger.
The orc wizard gestures at you while chanting.
You are confused.
It was a potion of might.
You feel very mighty all of a sudden.
You bump into the rock wall.
You're too confused to move!
The orc wizard gestures at you while chanting.
You are more confused.
You puncture the orc wizard!
You kill the orc wizard!
You bump into the rock wall.
Something hits you.
You miss something.
You hear some strange, mumbled words.
A puff of flame appears from out of thin air!
The puff of flame hits you!
* * * LOW HITPOINT WARNING * * *
You puncture something! Your peck misses something.
You hear some strange, mumbled words.
A magic dart appears from out of thin air!
The magic dart hits you!
You die...

#### .{#
####o#
#.##.#
#....#
#.#### #o#
#.####{#
#....@)#
#####..#
##.#####..#
..........#
#....)<..#
#..#####.#
.. #.# ..#
##


You could see an orc.

Vanquished Creatures
  A kobold brigand (Sewer)
  Natasha (thrice) (D:2)
  An orc wizard (D:4)
  A gnoll (D:1)
  3 adders
  A worm (D:3)
  2 orcs
  5 endoplasms
  2 giant cockroaches
  6 goblins
  14 hobgoblins
  4 jackals
  2 quokkas
  7 ball pythons
  10 bats
  2 frilled lizards (D:1)
  17 kobolds
  5 rats
86 creatures vanquished.

Notes
Turn   | Place    | Note
-------+----------+-------------------------------------------
     0 | D:1      | themarg the Tengu Air Elementalist began the quest for the
                  | Orb.
     0 | D:1      | Reached XP level 1. HP: 10/10 MP: 4/4
   341 | D:1      | Reached XP level 2. HP: 15/15 MP: 3/6
   344 | D:1      | Learned a level 2 spell: Static Discharge
   704 | D:1      | Found a faded altar of an unknown god.
  1048 | D:1      | Reached XP level 3. HP: 5/19 MP: 0/7
  1534 | D:2      | Noticed Natasha
  1609 | D:2      | Reached skill level 5 in Air Magic
  1707 | D:2      | Killed Natasha
  1708 | D:2      | Reached skill level 1 in Fighting
  1708 | D:2      | Reached skill level 1 in Throwing
  1708 | D:2      | Reached XP level 4. HP: 20/25 MP: 0/8
  1716 | D:2      | Noticed Natasha
  1800 | D:2      | Killed Natasha
  1999 | D:2      | Found an iron altar of Okawaru.
  2100 | D:2      | Reached skill level 6 in Air Magic
  2262 | D:2      | Noticed Natasha
  2268 | D:2      | Killed Natasha
  2269 | D:2      | Gained mutation: Your magical nature lets you fly swiftly
                  | and evasively. [Tengu growth]
  2269 | D:2      | Reached XP level 5. HP: 9/29 MP: 1/9
  2703 | D:3      | Found a white marble altar of Elyvilon.
  2765 | D:3      | Found a glowing drain.
  2769 | Sewer    | Entered a sewer
  2789 | Sewer    | Learned a level 3 spell: Swiftness
  3119 | Sewer    | Noticed a kobold brigand
  3187 | Sewer    | Killed a kobold brigand
  3188 | Sewer    | Reached skill level 7 in Air Magic
  3188 | Sewer    | Reached XP level 6. HP: 6/34 MP: 2/10
  4274 | D:4      | Noticed a yak
  4274 | D:4      | Noticed a yak
  4274 | D:4      | Noticed a yak
  4274 | D:4      | Found Umutyjipry's Distillery.
  4274 | D:4      | Found Wucsimy's Armour Shop.
  4274 | D:4      | Found Ungeledot's Weapon Shop.
  4318 | D:4      | Reached skill level 8 in Air Magic
  4401 | D:4      | Killed from afar by an orc wizard

Illustrated notes

Levels and vault maps discovered:
D:1:      onia_arrival_mini_spirals, layout_loops_corners,
          ebering_ecumenical_altar_mist
D:2:      layout_rooms, basic_altar, uniq_natasha
D:3:      layout_loops_ring, elyvilon_altar_4, portal_sewer_entry_e,
          kennysheep_generic_room_4
D:4:      layout_basic, zin_scriptorium, minmay_temple_entry_ruins,
          serial_curves, eino_curves_02, eino_curves_03,
          minmay_shop_grid_forest, chequers_serial_rivers_micro_b

Skill      XL: |  1  2  3  4  5  6 |
---------------+-------------------+-----
Conjurations   | 2 |  2.0
Stealth        | 3 |  3.0
Air Magic      | 5 6 7 8 |  8.2
Fighting       | 1 |  1.0
Throwing       | 1 |  1.0
Dodging        | |  2.1
Spellcasting   | |  2.0

Action                     |  1- 3 |  4- 6 || total
---------------------------+-------+-------++-------
  Melee: Dagger            |     3 |    13 ||    16
         Kick              |     1 |     2 ||     3
         Peck              |     1 |       ||     1
   Cast: Shock             |    51 |    44 ||    95
         Static Discharge  |     8 |    42 ||    50
    Use: Potion            |       |     3 ||     3
 Armour: Robe              |       |    11 ||    11
  Dodge: Dodged            |     7 |    27 ||    34

Table legend: (Time is in decaauts)
 A = Elapsed time spent in this place.
 B = Non-inter-level travel time spent in this place.
 C = Inter-level travel time spent in this place.
 D = Time resting spent in this place.
 E = Time spent auto-exploring this place.
 F = Levels seen in this place.
 G = Mean time per level.
                   A        B        C        D        E       F      G
               +--------+--------+--------+--------+--------+-----+--------+
         Total |   4272 |   4072 |    200 |    862 |   2420 |   5 |  854.4 |
       Dungeon |   3589 |   3389 |    200 |    604 |   2272 |   4 |  897.2 |
         Sewer |    682 |    682 |      0 |    258 |    148 |   1 |  682.0 |
               +--------+--------+--------+--------+--------+-----+--------+

Top non-repeatable levels by time:
     D:1: 1872 daAuts
     D:3: 915 daAuts
     D:2: 765 daAuts
   Sewer: 682 daAuts
     D:4: 36 daAuts
